 Dungeon Crawl Stone Soup version 0.20.1-1-g8b1a95d (console) character file.

12261 hilaritas the Fighter (level 11, -3/153 HPs)
             Began as a Hill Orc Gladiator on Aug 15, 2017.
             Was an Elder of the Shining One.
             Killed from afar by a gargoyle (10 damage)
             ... with a stone arrow
             ... in a labyrinth.
             The game lasted 00:23:33 (12165 turns).

hilaritas the Fighter (Hill Orc Gladiator)         Turns: 12165, Time: 00:23:34

Health: -3/153     AC: 25    Str: 21    XL:     11   Next: 90%
Magic:  17/18      EV:  2    Int:  8    God:    the Shining One [****..]
Gold:   445        SH: 10    Dex: 12    Spells: 10/10 levels left

rFire    . . .     SeeInvis .   a - +1 war axe
rCold    . . .     Gourm    +   (no shield)
rNeg     + + +     Faith    .   (armour currently unavailable)
rPois    +         Spirit   .   (helmet currently unavailable)
rElec    .         Reflect  .   (cloak currently unavailable)
rCorr    .         Harm     .   (gloves currently unavailable)
MR       .....     NoTele   +   (boots currently unavailable)
Stlth    +.........             x - amulet of the gourmand
Regen    0.4/turn               k - ring of stealth (curse)
MPRegen  0.2/turn               (no ring)

@: divine shield, tree-form, glowing, invisible (but backlit and visible)
A: no striking features
a: Divine Shield, Cleansing Flame, Renounce Religion


You were in a labyrinth.
You worshipped the Shining One.
The Shining One was greatly pleased with you.
You were very full.
You were a tree.
You visited 1 branch of the dungeon, and saw 11 of its levels.
You also visited: Labyrinth.

You collected 499 gold pieces.
You spent 54 gold pieces at shops.

Inventory:

Hand Weapons
 a - a +1 war axe (weapon)
 B - a +0 war axe
 N - a +3 dire flail of crushing
Missiles
 d - 6 throwing nets
 m - 35 tomahawks (quivered)
Armour
 c - a +1 helmet (melded)
 l - a +0 plate armour (melded)
 z - a +0 cloak (melded)
 A - a cursed +0 pair of gloves (melded)
 K - a +0 pair of boots (melded)
Jewellery
 h - an uncursed ring of wizardry
 k - a cursed ring of stealth (left branch)
 x - an amulet of the gourmand (around neck)
Wands
 y - a wand of digging (11/24)
 H - a wand of flame (24/48)
 J - a wand of digging (12/24)
Scrolls
 b - 4 scrolls of teleportation
 e - 5 scrolls of identify
 p - 5 scrolls of enchant weapon
 r - a scroll of magic mapping
 s - a scroll of enchant armour
 E - 4 scrolls of remove curse
 F - 2 scrolls of amnesia
 I - a scroll of blinking
Potions
 o - a potion of mutation {unknown}
 q - a potion of flight
 t - a potion of resistance {unknown}
 u - a potion of might {unknown}
 C - a potion of cancellation
 D - a potion of brilliance {unknown}
 G - a potion of invisibility
 L - a potion of agility {unknown}
Comestibles
 f - 9 bread rations
 g - 5 meat rations
 i - 28 royal jellies
 j - 2 fruits


   Skills:
 - Level 11.1 Fighting
 - Level 10.1 Axes
 * Level 4.4 Throwing
 - Level 10.0 Armour
 * Level 6.9 Dodging
 * Level 9.4 Invocations


You had 10 spell levels left.
You didn't know any spells.

Dungeon Overview and Level Annotations

Branches:
Dungeon (11/15)            Temple (0/1) D:6            Lair (0/6) D:11
    Orc (0/2) D:11

Altars:
Ashenzari
Cheibriados
Dithmenos
Fedhas
Gozag
Makhleb
Nemelex Xobeh
Okawaru
Qazlal
Ru
Xom
Yredelemnul
Zin
The Shining One

Shops:
D:8 [


Message History

You feel less wooden.
Your +0 cloak unmelds from your body.
Your +1 helmet unmelds from your body.
Your cursed +0 pair of gloves unmelds from your body.
Your +0 pair of boots unmelds from your body.
Your +0 plate armour unmelds from your body.
The gargoyle hits you but does no damage.
The gargoyle barely misses you.
You turn into a tree.
Your +0 cloak melds into your body.
Your +1 helmet melds into your body.
Your cursed +0 pair of gloves melds into your body.
Your +0 pair of boots melds into your body.
Your +0 plate armour melds into your body.
Your roots penetrate the ground.
The gargoyle hits you but does no damage.
You block the gargoyle's attack.
It was a potion of invisibility.
You become transparent, but the glow from your halo prevents you from becoming completely invisible.
The gargoyle hurls a stone arrow at you.
Helpless, you fail to dodge the stone arrow.
You die...

. .. # ... .
..# #..#
##.# #..# #
#.#..# ... .
#.#9.# #.##
#
#....#####..
# #
###99......
# ## #.♣9#
..#. .
...#..
###.#####.
###.# # ....
.#.. #
#.#.#.#####
# . .###....
#.. #.#
###.### #.
#. ... .. #
# ##.#.## #
#..... .


You could see 4 gargoyles.

Vanquished Creatures
  Erolcha (D:10)
  Harold (D:10)
  3 two-headed ogres (D:10)
  An ugly thing (D:10)
  Joseph (D:10)
  A queen bee (D:9)
  2 trolls
  A slime creature (D:10)
  A wraith (D:10)
  A water moccasin (D:6)
  3 orc warriors
  3 ice beasts
  2 sky beasts
  A black bear (D:10)
  3 necrophages
  3 phantoms (D:10)
  3 ogres
  4 centaurs
  2 big kobolds
  6 bullfrogs
  A wyvern skeleton (D:7)
  4 scorpions
  2 water moccasin skeletons
  40 killer bees
  16 wights
  5 crimson imps
  A bullfrog zombie (D:9)
  4 howler monkeys
  A centaur zombie (D:6)
  4 jellies
  2 bullfrog skeletons
  Crazy Yiuf (D:3)
  7 hounds
  7 orc priests
  An iguana (D:6)
  7 orc wizards
  11 worker ants
  4 hound skeletons
  A mummy (D:7)
  6 gnolls
  2 worker ant zombies
  9 adders
  A shadow imp (D:10)
  5 oozes (D:8)
  2 adder zombies
  An adder skeleton (D:4)
  4 worms
  5 dart slugs
  3 leopard geckos
  42 orcs
  5 giant cockroaches
  7 goblins
  9 hobgoblins
  21 jackals
  11 kobolds
  3 quokkas
  8 bats
  6 frilled lizards
  A jackal skeleton (D:9)
  A leopard gecko skeleton (D:4)
  2 quokka skeletons
  7 rats
323 creatures vanquished.

Notes
Turn   | Place    | Note
-------+----------+-------------------------------------------
     0 | D:1      | hilaritas the Hill Orc Gladiator began the quest for the Orb.
     0 | D:1      | Reached XP level 1. HP: 18/18 MP: 1/1
   222 | D:1      | Reached XP level 2. HP: 25/25 MP: 2/2
   337 | D:1      | Reached skill level 5 in Axes
   820 | D:1      | Reached XP level 3. HP: 30/30 MP: 3/3
  1525 | D:2      | Reached XP level 4. HP: 32/37 MP: 4/4
  1923 | D:2      | Found a glowing golden altar of the Shining One.
  1926 | D:2      | Became a worshipper of the Shining One
  2035 | D:3      | Reached XP level 5. HP: 11/42 MP: 5/5
  2454 | D:3      | Found a sparkling altar of Nemelex Xobeh.
  2481 | D:3      | Found a runed door.
  2794 | D:3      | Noticed Crazy Yiuf
  2806 | D:3      | Killed Crazy Yiuf
  3048 | D:4      | You fall through a shaft for 2 floors!
  3048 | D:6      | Found an iron altar of Okawaru.
  3057 | D:6      | Reached skill level 1 in Invocations
  3131 | D:6      | Reached XP level 6. HP: 44/50 MP: 5/7
  3278 | D:5      | Entered Level 5 of the Dungeon
  3712 | D:4      | Reached * piety under the Shining One
  4065 | D:4      | Reached XP level 7. HP: 56/56 MP: 8/8
  4235 | D:4      | Reached skill level 10 in Axes
  4484 | D:5      | Reached skill level 3 in Fighting
  4484 | D:5      | Reached skill level 1 in Armour
  4970 | D:5      | Found an opulent altar of Gozag.
  5042 | D:6      | Reached XP level 8. HP: 23/66 MP: 10/10
  5338 | D:6      | Found a staircase to the Ecumenical Temple.
  5419 | D:6      | Found a shadowy altar of Dithmenos.
  5456 | D:6      | Reached skill level 4 in Fighting
  5494 | D:6      | Reached ** piety under the Shining One
  5729 | D:6      | Found a basalt altar of Yredelemnul.
  5795 | D:6      | Reached skill level 5 in Fighting
  6219 | D:7      | Found a glowing silver altar of Zin.
  6280 | D:7      | Reached skill level 6 in Fighting
  6409 | D:7      | Reached XP level 9. HP: 71/75 MP: 12/12
  6427 | D:7      | Reached skill level 5 in Armour
  6555 | D:7      | Reached skill level 5 in Invocations
  6564 | D:7      | Reached *** piety under the Shining One
  6569 | D:7      | Reached skill level 7 in Fighting
  6733 | D:7      | Found a snail-covered altar of Cheibriados.
  6954 | D:8      | Found Duiganeof's Armour Emporium.
  6966 | D:8      | Bought a +0 pair of boots for 54 gold pieces
  7007 | D:8      | Found a shattered altar of Ashenzari.
  7228 | D:8      | Reached skill level 8 in Fighting
  7926 | D:9      | Found a burning altar of Makhleb.
  8002 | D:9      | Reached XP level 10. HP: 80/89 MP: 14/14
  8011 | D:9      | Reached skill level 9 in Fighting
  8461 | D:9      | Found a glowing golden altar of the Shining One.
  8463 | D:9      | Found a blossoming altar of Fedhas.
  8463 | D:9      | Found a shimmering altar of Xom.
  8465 | D:9      | Found a sacrificial altar of Ru.
  8465 | D:9      | Found a stormy altar of Qazlal.
  8465 | D:9      | Found a shimmering altar of Xom.
  8491 | D:9      | Found a sacrificial altar of Ru.
  8630 | D:9      | Reached **** piety under the Shining One
  8668 | D:9      | Reached skill level 10 in Fighting
  9032 | D:9      | Reached skill level 5 in Dodging
  9273 | D:10     | Entered Level 10 of the Dungeon
  9381 | D:10     | Noticed a two-headed ogre
  9392 | D:10     | Killed a two-headed ogre
  9392 | D:10     | Reached skill level 11 in Fighting
  9809 | D:10     | Reached XP level 11. HP: 102/102 MP: 16/16
 10054 | D:10     | Found a runed door.
 10057 | D:10     | Noticed Harold
 10081 | D:10     | Killed Harold
 10081 | D:10     | Reached skill level 10 in Armour
 10302 | D:10     | Noticed Erolcha
 10319 | D:10     | Paralysed by Erolcha for 2 turns
 10321 | D:10     | Noticed a two-headed ogre
 10326 | D:10     | Killed Erolcha
 10334 | D:10     | Killed a two-headed ogre
 10562 | D:10     | Found a runed door.
 10578 | D:10     | Noticed a cyan ugly thing
 10592 | D:10     | Killed a cyan ugly thing
 10954 | D:10     | Noticed Joseph
 10967 | D:10     | Killed Joseph
 11426 | D:10     | Noticed a two-headed ogre
 11451 | D:10     | Killed a two-headed ogre
 11823 | D:11     | Found a labyrinth entrance.
 11832 | Lab      | Entered a labyrinth
 12161 | Lab      | HP: 7/153 [gargoyle/stone arrow (14)]
 12165 | Lab      | Killed from afar by a gargoyle

Skill      XL: |  1  2  3  4  5  6  7  8  9 10 11 |
---------------+----------------------------------+-----
Axes           | 5 6 7 8 9 10 | 10.1
Invocations    | 1 2 3 4 5 6 9 |  9.4
Fighting       | 3 6 8 11 | 11.1
Armour         | 2 4 7 9 10 | 10.0
Dodging        | 3 4 5 6 |  6.9
Throwing       | 4 |  4.4

Action                   |  1- 3 |  4- 6 |  7- 9 | 10-12 || total
-------------------------+-------+-------+-------+-------++-------
Melee: War axe           |   108 |   180 |   352 |   453 ||  1093
Throw: Throwing net      |       |     2 |       |       ||     2
       Tomahawk          |       |       |     1 |     8 ||     9
Invok: Divine Shield     |       |       |     2 |    10 ||    12
       Cleansing Flame   |       |       |       |     1 ||     1
  Use: Scroll            |       |     6 |     7 |     6 ||    19
       Potion            |       |       |     3 |    10 ||    13
 Stab: Sleeping          |     1 |       |       |       ||     1
  Eat: Chunk             |     2 |     9 |    21 |    15 ||    47
Armor: Leather armour    |    27 |     1 |       |       ||    28
       Ring mail         |       |    14 |       |       ||    14
       Chain mail        |       |    69 |   167 |   257 ||   493
       Skin              |       |       |       |     5 ||     5
       Plate armour      |       |       |       |     1 ||     1
Dodge: Dodged            |    75 |    64 |   124 |   240 ||   503
Block: Other             |       |       |    33 |   112 ||   145
